 Dungeon Crawl Stone Soup version 0.19.0 (webtiles) character file.

45175 PrincessPwny the Impaler (level 14, -13/105 HPs)
             Began as a Minotaur Berserker on Nov 12, 2016.
             Was a High Priest of Trog.
             Mangled by an ogre
             ... wielding a +0 giant spiked club
              (15 damage)
             ... on level 2 of the Orcish Mines.
             The game lasted 01:02:07 (20182 turns).

PrincessPwny the Impaler (Minotaur Berserker)      Turns: 20182, Time: 01:02:07

Health: -13/105    AC: 20    Str: 27    XL:     14   Next: 0%
Magic:  14/14      EV: 15    Int:  4    God:    Trog [*****.]
Gold:   1225       SH:  0    Dex: 12    Spells: 0 memorised, 13 levels left

rFire  . . .     SeeInvis .     J - +9 glaive of Mourning {flame, rPois Str+2}
rCold  . . .     Gourm    .     L - +0 plate armour
rNeg   . . .     Faith    .     (shield currently unavailable)
rPois  +         Spirit   .     (helmet unavailable)
rElec  .         Reflect  .     v - +0 cloak
rCorr  .         Harm     +     (no gloves)
MR     ++...     Clarity  +     h - +1 pair of boots
Stlth  ..........               e - amulet of harm
                                K - +3 ring of evasion
                                N - ring of stealth

@: no status effects
A: retaliatory headbutt, horns 3, clarity, high mp 1, magic resistance 1
a: Berserk, Trog's Hand, Brothers in Arms, Burn Spellbooks, Renounce Religion


You were on level 2 of the Orcish Mines.
You worshipped Trog.
Trog was extremely pleased with you.
You were not hungry.

You visited 3 branches of the dungeon, and saw 18 of its levels.

You collected 1303 gold pieces.
You spent 78 gold pieces at shops.

Inventory:

Hand Weapons
 b - the +7 glaive of Laceration {chop, Dex+4}
   (You acquired it on level 8 of the Dungeon)

   It inflicts extra damage upon your enemies.
   It affects your dexterity (+4).
 d - the +6 bardiche "Leriufas" {drain, MR++ SInv}
   (Trog gifted it to you on level 2 of the Lair of Beasts)

   A truly terrible weapon, it drains the life of those it strikes.
   It affects your resistance to hostile enchantments.
   It lets you see invisible.
 D - the +1 halberd "Xeillis" {drain, *Slow rPois rF+ Dex+3}
   (Trog gifted it to you on level 9 of the Dungeon)

   A truly terrible weapon, it drains the life of those it strikes.
   It affects your dexterity (+3).
   It protects you from fire.
   It protects you from poison.
   It may slow you when you take damage.
 I - a +4 glaive of venom
 J - the +9 glaive of Mourning (weapon) {flame, rPois Str+2}
   (Trog gifted it to you on level 1 of the Orcish Mines)

   It has been specially enchanted to burn those struck by it, causing extra
   injury to most foes and up to half again as much damage against particularly
   susceptible opponents.
   Big, fiery blades are also staple armaments of hydra-hunters.
   It affects your strength (+2).
   It protects you from poison.
Armour
 h - a +1 pair of boots (worn)
 v - a +0 cloak (worn)
 A - a +1 chain mail of magic resistance
 L - a +0 plate armour (worn)
Jewellery
 e - an amulet of harm (around neck)
 x - an uncursed ring of flight
 y - a +1 ring of protection
 K - a +3 ring of evasion (right hand)
 N - a ring of stealth (left hand)
Wands
 F - a wand of digging (24/24)
 G - a wand of disintegration (19/24)
 R - a wand of digging (7/24)
Scrolls
 a - 3 scrolls of fog
 l - 3 scrolls of amnesia
 o - 5 scrolls of teleportation
 t - 2 scrolls of recharging
 u - 4 scrolls of magic mapping
 z - 2 scrolls of identify {@r1}
 B - 5 scrolls of remove curse {@r2}
 C - 2 scrolls of enchant armour
Potions
 f - 3 potions of cancellation
 i - a potion of haste
 m - a potion of brilliance
 n - 3 potions of heal wounds
 p - 11 potions of curing {@q1}
 r - 4 potions of lignification
 w - 2 potions of flight
 E - a potion of cure mutation
 M - a potion of resistance
 O - 2 potions of agility
Comestibles
 c - 13 bread rations
 g - 7 meat rations
 j - 9 fruits
 k - 3 beef jerkies
 q - a royal jelly
 s - 6 slices of pizza


   Skills:
 * Level 4.3 Fighting
 - Level 20.8 Polearms
 + Level 13.4 Armour
 + Level 9.5 Dodging
 - Level 5.4 Stealth


You had 13 spell levels left.
You didn't know any spells.

Dungeon Overview and Level Annotations

Branches:
Dungeon (12/15)            Temple (0/1) D:6            Lair (4/6) D:11
  Swamp (0/4) Lair:2        Snake (0/4) Lair:3          Orc (2/2) D:9
    Elf: Orc:2

Altars:
Ashenzari
Dithmenos
Gozag
Qazlal
Ru
Sif Muna
Trog
Uskayaw
Vehumet
Yredelemnul
The Shining One

Shops:
D:4 ?   D:9 !   D:10 =   Orc:2 [

Portals:
Trove: D:10 (give 17 scrolls of identify)


Innate Abilities, Weirdness & Mutations

You reflexively headbutt those who attack you in melee.
You have a pair of large horns on your head.
You possess an exceptional clarity of mind.
You have an increased reservoir of magic. (+10% MP)
You are resistant to hostile enchantments. (MR+)


Message History

* * * LOW HITPOINT WARNING * * *
The deep troll claws you but does no damage.
The deep troll claws you.
* * * LOW HITPOINT WARNING * * *
The ogre hits you but does no damage.
You can move again.
The ogre mage gestures wildly while chanting.
The ogre hits you with a giant spiked club!
* * * LOW HITPOINT WARNING * * *
Things that are here:
a whip; a leather armour
Okay, then.
As you read the scroll of fog, it crumbles to dust.
The scroll dissolves into smoke.
The deep troll bites you but does no damage.
The deep troll claws you but does no damage. x2
The troll misses you. x2; The troll claws you.
* * * LOW HITPOINT WARNING * * *
The ogre hits you with a giant spiked club!
You die...

### ##.## #...# #.<.##
##...# ##..## #...# ##
####§#### ##.##.##@##.##
#.....OOTO§..#
##....O#§TO.##
##..).§OO§.## #
###.....#...#.#.#
##.##.#...........
#######...#)##.).......###
#.##.###.#.).....#.##.##.##
##
..<...#.......)...#.###...#
..##


You could see an ogre mage, a deep troll, a troll and 4 ogres.

Vanquished Creatures
  Snorg (D:11)
  The ghost of abeheron the Basher, a journeyman MiBe of Trog (D:10)
  2 anacondas (Lair:4)
  The ghost of PrincessPwny the Cleaver, a novice HuBe of Trog (D:9)
  9 death yaks
  Urug (Lair:4)
  Nergalle (D:11)
  Pikel (D:9)
  3 hill giants (D:10)
  2 orc knights (Orc:1)
  2 ugly things
  A salamander (Lair:3)
  5 elephants (Lair:1)
  Maurice (D:11)
  A gargoyle (D:11)
  8 black mambas
  Joseph (D:10)
  3 spiny frogs
  A rime drake (Lair:2)
  9 komodo dragons
  5 trolls
  3 hippogriffs
  The ghost of PrincessPwny the Cudgeler, an amateur OgBe of Trog (D:3)
  2 wyverns
  48 yaks
  4 basilisks
  4 fire bats (Lair:3)
  3 vampire mosquitoes (D:10)
  3 hungry ghosts
  A steam dragon (D:11)
  A warg (Orc:1)
  21 water moccasins
  3 porcupines
  A black bear (D:8)
  2 ice beasts (D:7)
  18 orc warriors
  A phantom (D:10)
  8 ogres
  A necrophage (D:11)
  3 sky beasts (D:10)
  11 wolves
  5 centaurs
  4 crocodiles
  9 bullfrogs
  A wyvern skeleton (D:10)
  3 scorpions (D:8)
  3 killer bees (D:8)
  4 howler monkeys
  An electric eel (Lair:2)
  3 crimson imps
  2 bullfrog zombies (D:10)
  5 hounds
  2 centaur skeletons
  A bullfrog skeleton (D:7)
  17 orc wizards
  13 orc priests
  8 iguanas
  13 worker ants
  2 worker ant zombies (D:7)
  A howler monkey zombie (D:7)
  A howler monkey skeleton (D:6)
  14 adders
  4 shadow imps
  2 adder skeletons
  4 worms
  8 leopard geckos
  54 orcs
  7 giant cockroaches
  7 hobgoblins
  16 jackals
  6 kobolds
  5 quokkas
  6 ball pythons
  14 bats
  7 frilled lizards
  7 goblins
  4 leopard gecko skeletons
  A quokka skeleton (D:6)
  8 rats
  A fungus (Lair:4)
  A plant (Lair:3)
472 creatures vanquished.

Vanquished Creatures (collateral kills)
  Harold (Lair:3)
  2 hydras
  A spiny frog (Lair:3)
  A hippogriff (Lair:3)
  A porcupine (Lair:3)
  A water moccasin (Lair:3)
  A plant (Lair:3)
8 creatures vanquished.

Vanquished Creatures (others)
  A centaur (D:9)
  3 fungi
  3 plants
7 creatures vanquished.

Grand Total: 487 creatures vanquished

Notes
Turn   | Place    | Note
-------+----------+-------------------------------------------
     0 | D:1      | PrincessPwny the Minotaur Berserker began the quest for the Orb.
     0 | D:1      | Reached XP level 1. HP: 19/19 MP: 0/0
   184 | D:1      | Reached skill level 4 in Polearms
   369 | D:1      | Reached XP level 2. HP: 22/26 MP: 1/1
   827 | D:1      | Gained mutation: You possess an exceptional clarity of mind. [potion of beneficial mutation]
   843 | D:2      | Found a hide-covered altar of Uskayaw.
   851 | D:2      | Reached skill level 5 in Polearms
   858 | D:2      | Reached ** piety under Trog
   858 | D:2      | Reached XP level 3. HP: 27/31 MP: 2/2
  1357 | D:2      | Reached XP level 4. HP: 38/39 MP: 3/3
  1482 | D:2      | Reached skill level 6 in Polearms
  1792 | D:3      | Found a sacrificial altar of Ru.
  1838 | D:3      | Noticed an ogre
  1847 | D:3      | Killed an ogre
  1847 | D:3      | Reached skill level 7 in Polearms
  1847 | D:3      | Reached XP level 5. HP: 12/45 MP: 4/4
  2154 | D:3      | Reached skill level 8 in Polearms
  2176 | D:3      | Reached *** piety under Trog
  2260 | D:3      | Noticed PrincessPwny's ghost (amateur OgBe)
  2271 | D:3      | Killed PrincessPwny's ghost
  2271 | D:3      | Reached skill level 9 in Polearms
  2271 | D:3      | Reached XP level 6. HP: 51/51 MP: 5/5
  2415 | D:3      | Found a basalt altar of Yredelemnul.
  2619 | D:3      | Found an opulent altar of Gozag.
  3095 | D:4      | Found a shadowy altar of Dithmenos.
  3655 | D:4      | Found Posuif's Magic Scroll Shop.
  3658 | D:4      | Bought 3 scrolls of identify for 78 gold pieces
  3677 | D:4      | Reached XP level 7. HP: 57/57 MP: 6/6
  3779 | D:5      | Entered Level 5 of the Dungeon
  3790 | D:5      | Reached skill level 10 in Polearms
  4046 | D:5      | Reached **** piety under Trog
  4613 | D:5      | Found a radiant altar of Vehumet.
  4927 | D:6      | Found a stormy altar of Qazlal.
  4977 | D:6      | Reached skill level 11 in Polearms
  4984 | D:6      | Found a shattered altar of Ashenzari.
  5136 | D:6      | Found a staircase to the Ecumenical Temple.
  5870 | D:7      | Found a bloodstained altar of Trog.
  5880 | D:7      | Reached XP level 8. HP: 64/64 MP: 7/7
  6070 | D:7      | Noticed a hippogriff
  6075 | D:7      | Killed a hippogriff
  6075 | D:7      | Reached skill level 12 in Polearms
  6159 | D:7      | Reached skill level 13 in Polearms
  6920 | D:8      | Reached XP level 9. HP: 36/70 MP: 8/8
  7107 | D:8      | Reached skill level 14 in Polearms
  7114 | D:8      | Reached ***** piety under Trog
  7401 | D:8      | Found a glowing golden altar of the Shining One.
  8101 | D:8      | Reached skill level 5 in Armour
  8172 | D:8      | Found a deep blue altar of Sif Muna.
  8172 | D:8      | Found an opulent altar of Gozag.
  8175 | D:8      | Identified a scroll of acquirement
  8178 | D:8      | Got a steaming glaive
  8179 | D:8      | Identified the +7 glaive of Laceration {chop, Dex+4} (You acquired it on level 8 of the Dungeon)
  8380 | D:9      | Reached skill level 5 in Dodging
  8610 | D:9      | Found Hama's Distillery.
  8642 | D:9      | Found a staircase to the Orcish Mines.
  8652 | D:9      | Noticed PrincessPwny's ghost (novice HuBe)
  8660 | D:9      | Killed PrincessPwny's ghost
  8660 | D:9      | Reached XP level 10. HP: 77/77 MP: 9/9
  8778 | D:9      | Noticed Pikel
  8781 | D:9      | Killed Pikel
  8781 | D:9      | Reached skill level 15 in Polearms
  8865 | D:9      | Received a gift from Trog
  9120 | D:9      | Got a translucent halberd {god gift}
  9121 | D:9      | Identified the +1 halberd "Xeillis" {drain, *Slow rPois rF+ Dex+3} (Trog gifted it to you on level 9 of the Dungeon)
  9944 | D:10     | Entered Level 10 of the Dungeon
  9953 | D:10     | Reached skill level 16 in Polearms
 10390 | D:10     | Reached XP level 11. HP: 82/82 MP: 10/10
 10572 | D:10     | Noticed a hill giant
 10578 | D:10     | Killed a hill giant
 10832 | D:10     | Found Peqan's Jewellery Emporium.
 10882 | D:10     | Noticed abeheron's ghost (journeyman MiBe)
 10890 | D:10     | Killed abeheron's ghost
 10943 | D:10     | Noticed a white ugly thing
 10947 | D:10     | Killed a white ugly thing
 10991 | D:10     | Noticed a hill giant
 10999 | D:10     | Killed a hill giant
 11333 | D:10     | Noticed a hill giant
 11341 | D:10     | Killed a hill giant
 11341 | D:10     | Reached skill level 17 in Polearms
 11654 | D:10     | Noticed Joseph
 11664 | D:10     | Killed Joseph
 11667 | D:10     | Received a gift from Trog
 11974 | D:10     | Found a portal to a secret trove of treasure.
 12071 | D:11     | Noticed Snorg
 12103 | D:11     | Killed Snorg
 12156 | D:11     | Noticed Nergalle
 12161 | D:11     | Killed Nergalle
 12167 | D:11     | Noticed Maurice
 12174 | D:11     | Killed Maurice
 12459 | D:11     | Reached skill level 10 in Armour
 12473 | D:11     | Reached XP level 12. HP: 70/90 MP: 11/11
 12637 | D:11     | Found a staircase to the Lair.
 12711 | D:11     | Reached skill level 18 in Polearms
 12944 | D:11     | Gained mutation: You are resistant to hostile enchantments. (MR+) [potion of mutation]
 12944 | D:11     | Gained mutation: You have a pair of large horns on your head. [potion of mutation]
 12944 | D:11     | Gained mutation: You have an increased reservoir of magic. (+10% MP) [potion of mutation]
 13042 | Lair:1   | Entered Level 1 of the Lair of Beasts
 14160 | Lair:2   | Reached skill level 19 in Polearms
 14265 | Lair:2   | Found a staircase to the Swamp.
 14361 | Lair:2   | Received a gift from Trog
 14374 | Lair:2   | Got a bone bardiche {god gift}
 14375 | Lair:2   | Identified the +6 bardiche "Leriufas" {drain, MR++ SInv} (Trog gifted it to you on level 2 of the Lair of Beasts)
 14449 | Lair:2   | Reached skill level 1 in Stealth
 15710 | Lair:3   | Noticed a seven-headed hydra
 15711 | Lair:3   | Noticed Harold
 15737 | Lair:3   | Killed a seven-headed hydra
 15740 | Lair:3   | Reached XP level 13. HP: 61/95 MP: 13/13
 15750 | Lair:3   | Killed Harold
 15948 | Lair:3   | Found a staircase to the Snake Pit.
 16842 | Lair:4   | Reached skill level 20 in Polearms
 17192 | Lair:4   | Noticed Urug
 17209 | Lair:4   | Killed Urug
 17748 | Lair:4   | Reached skill level 5 in Stealth
 18791 | Orc:1    | Entered Level 1 of the Orcish Mines
 19380 | Orc:1    | Received a gift from Trog
 19386 | Orc:1    | Got an encrusted glaive {god gift}
 19398 | D:9      | Identified the +9 glaive of Mourning {flame, rPois Str+2} (Trog gifted it to you on level 1 of the Orcish Mines)
 20007 | Orc:2    | Entered Level 2 of the Orcish Mines
 20151 | Orc:2    | Found Bituqi's Armour Boutique.
 20174 | Orc:2    | Reached XP level 14. HP: 82/105 MP: 14/14
 20177 | Orc:2    | Paralysed by an ogre mage for 3 turns
 20180 | Orc:2    | HP: 3/105 [ogre/giant spiked club (15)]
 20182 | Orc:2    | Mangled by an ogre

Skill      XL: |  1  2  3  4  5  6  7  8  9 10 11 12 13 |
---------------+----------------------------------------+-----
Polearms       | 4 5 7 9 11 13 14 16 17 19 20 | 20.8
Armour         | 6 8 10 11 13 | 13.4
Dodging        | 5 7 9 |  9.5
Stealth        | 2 5 |  5.4
Fighting       | 4 |  4.3

Action                   |  1- 3 |  4- 6 |  7- 9 | 10-12 | 13-15 || total
-------------------------+-------+-------+-------+-------+-------++-------
Melee: Spear             |   100 |   172 |   320 |       |       ||   592
       Headbutt          |    10 |    32 |    65 |    65 |    46 ||   218
       Glaive            |       |       |    31 |   348 |   244 ||   623
       Bardiche          |       |       |       |       |     6 ||     6
Invok: Berserk           |     1 |     2 |     7 |    14 |     4 ||    28
       Burn Spellbooks   |       |     1 |     2 |     2 |       ||     5
       Brothers in Arms  |       |       |       |     3 |     1 ||     4
  Use: Scroll            |     4 |    10 |     7 |     6 |     4 ||    31
       Potion            |     1 |       |       |     1 |       ||     2
 Stab: Paralysed         |       |     1 |       |       |       ||     1
  Eat: Chunk             |     1 |    10 |    21 |    26 |    13 ||    71
       Bread ration      |       |       |       |     1 |       ||     1
       Fruit             |       |       |       |     2 |     1 ||     3
       Pizza             |       |       |       |     2 |     1 ||     3
       Meat ration       |       |       |       |     1 |       ||     1
       Royal jelly       |       |       |       |       |     2 ||     2
Armor: Chain mail        |    58 |    70 |    97 |    47 |       ||   272
       Plate armour      |       |       |       |    56 |    57 ||   113
Dodge: Dodged            |    50 |    59 |    83 |   202 |   125 ||   519
